AoeStats
← jamigov

MegaRandom

508739738Analyzed
2v2 RM · 7d ago on Sep 23, 2026· 53m 17s· 4 players
Game mode
Random Map
Map size
Medium (4 player)
Population
200
Speed
Normal
Resources
Standard
Victory
Conquest
Starting age
Dark Age
Ending age
Imperial Age
RankedLock teamsTeams togetherTeam positionsShared explorationLock speedFull tech treeHidden civsTurbo modeCheats
Victory
Defeat
1186
+16
🇫🇷 Mongols · France
1162
+16
🇮🇪 Mongols · Ireland
1176
-16
🇪🇸 Malians · Spain
1174
-16
Gros_fié_des_familles
5:25 Loom
10:08 Feudal Age
10:55 Double-Bit Axe
22:19 Castle Age
20:56 Horse Collar
24:13 Forging
24:09 Scale Barding Armor
24:05 Padded Archer Armor
24:22 Stone Mining
24:28 Gold Mining
25:54 Wheelbarrow
26:17 Bloodlines
27:07 Hand Cart
26:57 Heavy Plow
28:04 Husbandry
28:34 Elite Skirmisher
31:05 Bow Saw
31:56 Gold Shaft Mining
35:00 Imperial Age
34:41 Ballistics
35:09 Fletching
35:35 Leather Archer Armor
35:56 Iron Casting
35:41 Chain Barding Armor
37:03 Heavy Camel Rider
39:16 Two-Man Saw
38:30 Caravan
41:07 Chemistry
42:01 Blast Furnace
42:23 Stone Shaft Mining
42:05 Imperial Camel Rider
46:12 Conscription
47:42 Plate Barding Armor
47:03 Bodkin Arrow
47:39 Ring Archer Armor
52:23 Light Cavalry
Bolchev
8:34 Feudal Age
8:25 Loom
9:07 Double-Bit Axe
13:13 Horse Collar
16:52 Fletching
18:02 Gold Mining
20:38 Castle Age
19:08 Padded Archer Armor
19:59 Bloodlines
19:48 Stone Mining
21:16 Bodkin Arrow
25:00 Bow Saw
27:42 Wheelbarrow
28:04 Town Watch
33:17 Imperial Age
32:03 Ballistics
33:13 Leather Archer Armor
34:10 Bracer
34:28 Thumb Ring
35:07 Parthian Tactics
36:40 Chemistry
36:50 Gold Shaft Mining
37:30 Conscription
38:45 Hand Cart
38:47 Husbandry
39:53 Scale Barding Armor
39:58 Forging
39:14 Light Cavalry
40:06 Hussar
41:54 Heavy Plow
42:27 Chain Barding Armor
46:10 Iron Casting
45:29 Elite Skirmisher
46:33 Caravan
49:26 Masonry
51:10 Blast Furnace
DiWiT
5:14 Loom
10:51 Feudal Age
18:14 Castle Age
17:15 Stone Mining
20:12 Wheelbarrow
20:28 Town Watch
22:53 Double-Bit Axe
22:49 Horse Collar
23:00 Gold Mining
23:55 Scale Barding Armor
23:44 Fletching
24:24 Bodkin Arrow
25:06 Padded Archer Armor
27:00 Leather Archer Armor
27:53 Bloodlines
28:16 Husbandry
28:40 Ballistics
29:34 Masonry
32:46 Town Patrol
34:15 Scale Barding Armor
34:21 Forging
35:06 Gold Shaft Mining
44:07 Imperial Age
41:39 Light Cavalry
43:43 Iron Casting
44:06 Bow Saw
43:58 Heavy Plow
46:31 Conscription
jamigov
7:58 Loom
10:31 Feudal Age
11:04 Double-Bit Axe
13:13 Fletching
14:01 Town Watch
16:47 Wheelbarrow
16:48 Fishing Lines
21:55 Castle Age
20:59 Gold Mining
21:00 Stone Mining
22:36 Bodkin Arrow
22:56 Medium Warships
24:25 Ballistics
24:24 Hand Cart
24:05 Gillnets
25:29 Scale Mail Armor
26:12 Forging
26:20 Arson
27:43 Iron Casting
27:10 Elite Skirmisher
27:56 Padded Archer Armor
28:18 Horse Collar
34:13 Imperial Age
31:57 Thumb Ring
33:22 Heavy Plow
33:35 Masonry
33:50 Leather Archer Armor
35:15 Conscription
36:04 Chemistry
35:59 Bow Saw
38:32 Ring Archer Armor
41:28 Architecture
43:19 Scale Barding Armor
43:06 Pikeman
44:47 Husbandry
44:58 Bloodlines
44:09 Heavy Camel Rider
45:23 Heavy Warships
Connection lost

Rejoining the realm…

Still unreachable

The connection could not be restored.

Session expired

The server has moved on; the page needs a fresh start.